 Seeded DCSS version 0.29.1-15-g9cfb28693d (webtiles) character file.

Game seed: 6320845443627075161 (custom seed)

257 Psyclone the Conjurer (level 5, 28/28 HPs)
             Began as a Deep Elf Conjurer on Sept 23, 2023.
             Quit the game on level 2 of the Dungeon.
             The game lasted 00:07:49 (3485 turns).

Psyclone the Conjurer (Deep Elf Conjurer)           Turns: 3485, Time: 00:07:50

Health: 28/28      AC:  6    Str:  4    XL:     5   Next: 93%
Magic:  33/33      EV: 12    Int: 25    God:
Gold:   1063       SH:  0    Dex: 15    Spells: 9/16 levels left

rFire   + . .      SeeInvis .   e - +3 short sword
rCold   + . .      Faith    .   (no shield)
rNeg    . . .      Spirit   .   a - +0 robe
rPois   +          Reflect  .   t - +2 hat "Hulych" {rF+ rC+ MP+9 Dex+2}
rElec   .          Harm     .   s - +1 cloak {rPois}
rCorr   .          Rampage  .   (no gloves)
Will    .....                   (no boots)
Stlth   ++........              (no amulet)
HPRegen 0.09/turn               q - ring of magical power
MPRegen 0.23/turn               (no ring)

@: no status effects
A: no striking features
a: no special abilities


You were on level 2 of the Dungeon.
You visited 1 branch of the dungeon, and saw 4 of its levels.

You collected 1063 gold pieces.

Inventory:

Hand Weapons
 e - a +3 short sword (weapon)
Armour
 a - a +0 robe (worn)
 s - a +1 cloak of poison resistance (worn)
 t - the +2 hat "Hulych" (worn) {rF+ rC+ MP+9 Dex+2}
   (You acquired it on level 2 of the Dungeon)

   Dex:       It affects your dexterity (+2).
   rF:        It protects you from fire.
   rC:        It protects you from cold.
   MP:        It affects your magic capacity (+9).
Magical Staves
 g - a staff of air
Jewellery
 q - a ring of magical power (left hand)
Wands
 o - a wand of flame (13)
 w - a wand of mindburst (9)
Scrolls
 c - a scroll of teleportation
 h - a scroll of magic mapping
 l - a scroll of blinking {unknown}
 n - a scroll of vulnerability
 p - 4 scrolls of identify {unknown}
 v - a scroll of amnesia {unknown}
Potions
 b - a potion of magic
 d - 3 potions of curing {unknown}
 f - a potion of haste {unknown}
 i - a potion of resistance {unknown}
 j - 2 potions of brilliance {unknown}
 k - 2 potions of flight {unknown}
 m - a potion of degeneration {unknown}
 r - 2 potions of might {unknown}
 u - a potion of lignification {unknown}


   Skills:
 - Level 2.4 Dodging
 - Level 2.4 Stealth
 + Level 6.2 Spellcasting
 + Level 6.4 Conjurations


You had 9 spell levels left.
You knew the following spells:

 Your Spells              Type           Power      Damage    Failure   Level
a - Magic Dart            Conj           100%       1d8       1%          1
b - Searing Ray           Conj           78%        2d7       1%          2
d - Fulminant Prism       Conj/Hex       11%        3d9       19%         4

Your spell library contained the following spells:

 Spells                   Type           Power      Damage    Failure   Level
 Dazzling Flash           Conj/Hex       46%        N/A       6%          3
 Freeze                   Ice            28%        1d5       8%          1
 Hailstorm                Conj/Ice       23%        3d7       19%         4
 Iskenderun's Mystic Bla  Conj/Tloc      23%        2d6       19%         4
 Frozen Ramparts          Ice            14%        1d3       22%         3


Dungeon Overview and Level Annotations

Branches:
Dungeon (4/15) Zot: 20514
 Temple: D:4-7

Altars:
Wu Jian

Shops:
D:2 :


Message History

Press: ? - help, Shift-Dir - straight line, f - kobold
Aim: a kobold, wielding a +0 whip (76% to hit)
The searing ray misses the kobold. (Press . to maintain the ray.)
You now have 20/33 mp.
The searing ray hits the kobold!
You kill the kobold!
You now have 19/33 mp.
u - an emerald potion You see here a +0 whip.
v - a scroll labelled UNUNKE TOPS HP restored.
You see here a +0 whip.
w - a wand of mindburst (9)
Things that are here:
a +0 club; a +0 ring mail; the goblin corpse of Ijyb Health restored: 28; MP restored: 33 You see here a +0 whip.
Found a ring mail.
You now have 189 gold pieces (gained 8).
x - a scroll of acquirement Something appears at your feet!
You now have enough gold to buy a Young Poisoner's Handbook on D:2, buy a Trismegistus Codex on D:2, or buy Sif Muna's Grimoire of the Viperous Undead on D:2.
You can access your shopping list by pressing '$'.
You now have 1063 gold pieces (gained 874).
(D) Dungeon
Where to? (Enter - D:4, ? - help)
There is a stone staircase leading up here.
You climb upwards.
There is a stone staircase leading down, spattered with blood here.
(D) Dungeon
Where to? (Enter - D:3, ? - help)
There is a stone staircase leading up here.
You climb upwards.
There is a stone staircase leading down here.
Search for what [Enter for "hat", or ? for help]? shop
There is an open door here.
There is an entrance to Weil's Book Boutique here.
You can access your shopping list by pressing '$'.
Are you sure you want to abandon this character and quit the game? (Confirm with "yes".)

########### #### #..<......####
#... ##^#######....# #.##
#.............# #.#
#..###..##....# #.## ######..#
#..##.#.##########... ###....#.)#
#..###..#..>.......#. #.........#
#..'@#..#.########.#.
.##.##....###..###.......# #.#.
#.~.~.#..................#####.#.
..~.~..#..####...................
~~~.~~~~#......................#.
~.~≈~.~..#..##.###.......####....
.~≈_≈~...#..##.# #...........[#..
.~≈.≈~...#..##.###.......####...#
.~.≈.~...#........#.#.#...>###.##


There were no monsters in sight!

Vanquished Creatures
  A necrophage (D:4)
  An orc priest (D:3)
  Crazy Yiuf (D:3)
  Ijyb (D:4)
  2 orc wizards (D:3)
  2 adders
  2 dart slugs (D:2)
  7 orcs
  6 ball pythons
  2 endoplasms (D:4)
  6 goblins
  A hobgoblin (D:3)
  5 kobolds
  5 bats
  A frilled lizard (D:3)
  2 rats
45 creatures vanquished.

Notes
Turn   | Place    | Note
-------+----------+-------------------------------------------
     0 | D:1      | Psyclone the Deep Elf Conjurer began the quest for the Orb.
     0 | D:1      | Reached XP level 1. HP: 10/10 MP: 6/6
   843 | D:2      | Found a faded altar of an unknown god.
   857 | D:2      | Reached XP level 2. HP: 15/15 MP: 4/8
  1266 | D:2      | Found Weil's Book Boutique.
  1420 | D:2      | Identified a scroll of acquirement
  1420 | D:2      | Acquired the +2 hat "Hulych" {rF+ rC+ MP+9 Dex+2}
  1629 | D:3      | Reached skill level 5 in Conjurations
  1629 | D:3      | Reached XP level 3. HP: 17/19 MP: 11/11
  1806 | D:3      | Reached XP level 4. HP: 12/24 MP: 12/12
  1814 | D:3      | Reached skill level 5 in Spellcasting
  2128 | D:3      | Found an ornate altar of the Wu Jian Council.
  2359 | D:3      | Found a runed translucent door.
  2360 | D:3      | Noticed Crazy Yiuf
  2471 | D:3      | Learned a level 2 spell: Searing Ray
  2476 | D:3      | Learned a level 4 spell: Fulminant Prism
  2482 | D:3      | Killed Crazy Yiuf
  2483 | D:3      | Reached XP level 5. HP: 28/28 MP: 15/15
  3282 | D:4      | Noticed Ijyb
  3302 | D:4      | Killed Ijyb
  3449 | D:4      | Acquired 874 gold pieces
  3485 | D:2      | Quit the game

Illustrated notes

Levels and vault maps discovered:
D:1:      dpeg_arrival_lava_temple_mockup, layout_basic
D:2:      layout_loops_ring, shapermc_ecumenical_altar_starsandcircs,
          serial_shops, nicolae_shop_window_shopping
D:3:      layout_loops_ring, pdpol_wu_jian_five_deadly_venoms, corexii_shack,
          uniq_crazy_yiuf_cottage
D:4:      layout_basic, regret_index_temple_of_mockery, hangedman_ru_absence,
          lemuel_tele_altar, uniq_ijyb

Skill      XL: |  1  2  3  4  5 |
---------------+----------------+-----
Spellcasting   | 4 5 6 |  6.2
Conjurations   | 5 6 |  6.4
Dodging        | |  2.4
Stealth        | |  2.4

Action                   |  1- 3 |  4- 6 || total
-------------------------+-------+-------++-------
Melee: Short sword       |       |     2 ||     2
 Cast: Magic Dart        |    40 |    57 ||    97
       Searing Ray       |       |     5 ||     5
  Use: Scroll            |     4 |     1 ||     5
Armor: Robe              |       |     8 ||     8
Dodge: Dodged            |     4 |     5 ||     9
